AoeStats
← kastdavid

Arabia

510575569Analyzed
2v2 RM · 1d ago on Oct 1, 2026· 49m 44s· 4 players
Game mode
Random Map
Map size
Medium (4 player)
Population
200
Speed
Normal
Resources
Standard
Victory
Conquest
Starting age
Dark Age
Ending age
Imperial Age
RankedLock teamsTeams togetherTeam positionsShared explorationLock speedFull tech treeHidden civsTurbo modeCheats
Victory
Defeat
🇪🇸 Franks · Spain
989
+14
🇮🇹 Muisca · Italy
947
+17
🇳🇱 Byzantines · Netherlands
965
-16
🇳🇱 Italians · Netherlands
934
-15
maalrugu
7:37 Loom
10:12 Feudal Age
10:29 Champi Runner
11:20 Double-Bit Axe
16:32 Fletching
21:29 Castle Age
22:37 Scale Mail Armor
22:47 Forging
22:01 Champi Warrior
23:30 Squires
25:25 Padded Archer Armor
26:40 Chain Mail Armor
37:44 Horse Collar
37:57 Gold Mining
40:41 Bodkin Arrow
41:02 Leather Archer Armor
41:22 Iron Casting
44:40 Imperial Age
46:01 Elite Champi Warrior
46:04 Elite Temple Guard
47:18 Plate Mail Armor
46:51 Murder Holes
47:18 Ballistics
47:08 Masonry
48:29 Bracer
16cpb
2:18 Loom
10:32 Feudal Age
12:00 Wheelbarrow
11:13 Double-Bit Axe
21:51 Castle Age
19:45 Gold Mining
20:51 Stone Mining
21:17 Forging
21:13 Scale Barding Armor
23:59 Hand Cart
36:08 Imperial Age
36:17 Chain Barding Armor
36:33 Iron Casting
36:58 Gold Shaft Mining
36:55 Bow Saw
36:33 Cavalier
37:22 Husbandry
38:04 Plate Barding Armor
38:23 Paladin
40:38 Blast Furnace
boaziscool123
7:15 Loom
10:31 Feudal Age
11:02 Double-Bit Axe
13:08 Horse Collar
16:33 Fletching
20:56 Castle Age
20:13 Padded Archer Armor
21:28 Crossbowman
22:14 Thumb Ring
27:18 Bodkin Arrow
27:39 Leather Archer Armor
28:28 Pikeman
33:59 Ballistics
37:48 Town Watch
38:39 Wheelbarrow
37:57 Gold Mining
43:14 Imperial Age
40:45 Town Patrol
44:54 Bracer
45:24 Ring Archer Armor
kastdavid
7:26 Loom
9:45 Feudal Age
13:45 Man-at-Arms
23:57 Castle Age
25:21 Double-Bit Axe
26:26 Forging
27:02 Pikeman
31:30 Bow Saw
32:36 Iron Casting
32:07 Scale Barding Armor
31:38 Long Swordsman
32:03 Gambesons
32:19 Squires
38:07 Imperial Age
35:43 Horse Collar
37:39 Fletching
41:20 Logistica
42:03 Heavy Plow
44:34 Chain Barding Armor
45:09 Scale Mail Armor
47:57 Elite Cataphract
Connection lost

Rejoining the realm…

Still unreachable

The connection could not be restored.

Session expired

The server has moved on; the page needs a fresh start.